 Seeded DCSS version 0.25-a0-253-g6f1b5d9 (webtiles) character file.

Game seed: 2160266255993683535, levelgen mode: deterministic

1422484 Anathematize the Meteorologist (level 27, 207/207 HPs)
             Began as a Tengu Wizard on Dec 2, 2019.
             Was the Champion of Wu Jian.
             Escaped with the Orb
             ... and 3 runes on Dec 5, 2019!
             The game lasted 07:45:38 (109040 turns).

Anathematize the Meteorologist (Tengu Wizard)     Turns: 109040, Time: 07:45:38

Health: 207/207    AC: 34    Str: 13    XL:     27
Magic:  44/44      EV: 16    Int: 34    God:    Wu Jian [******]
Gold:   6932       SH: 21    Dex: 14    Spells: 2/58 levels left

rFire    + + .     SeeInvis +   w - +9 double sword (freeze)
rCold    + . .     Gourm    .   r - +4 shield {AC+3}
rNeg     + . .     Faith    .   y - +8 fire dragon scales
rPois    +         Spirit   .   k - +2 hat {Int+3}
rElec    +         Reflect  .   P - +2 cloak {rC+}
rCorr    .         Harm     .   g - +2 pair of gloves of Hepliaklqana's Envy {rPois rC+ Slay+2 Stlth+}
MR       +++++     Clarity  +   (boots unavailable)
Stlth    ++........             W - amulet of the Four Winds {rN+ MR+++ Clar}
HPRegen  1.44/turn              t - ring "Ongionupp" {Wiz MR+ Dex+3}
MPRegen  0.29/turn              Q - ring of Peace {*Drain rElec Int+5 Stlth+}

@: swift, flying quickly and evasively, regenerating, hasted, deflect missiles,
very quick
A: beak, talons 3, large bone plates 1, slimy green scales 2, see invisible,
clumsy 1, robust 1, able to fly
0: Orb of Zot
}: 3/15 runes: decaying, silver, gossamer
a: Stop Flying, Wall Jump, Serpent's Lash, Heavenly Storm, Renounce Religion


You escaped.
You worshipped Wu Jian.
Wu Jian was exalted by your worship.
You were very full.

You visited 10 branches of the dungeon, and saw 50 of its levels.
You visited 1 bazaar.
You also visited: Trove, Ice Cave, Volcano and Wizlab.

You collected 10218 gold pieces.
You spent 3286 gold pieces at shops.

Inventory:

Hand Weapons
 q - the +10 rapier of Theory {freeze, rElec rN++ Str+4 Int-3}
   (You took it off a purple draconian on level 5 of the Depths)

   It has been specially enchanted to freeze those struck by it, causing extra
   injury to most foes and up to half again as much damage against particularly
   susceptible opponents.
   It can also slow down cold-blooded creatures.
   It affects your strength (+4).
   It affects your intelligence (-3).
   It insulates you from electricity.
   It greatly protects you from negative energy.
 v - a +4 vampiric demon blade
 w - a +9 double sword of freezing (weapon)
Missiles
 Y - 13 curare-tipped darts (quivered)
Armour
 g - the +2 pair of gloves of Hepliaklqana's Envy (worn) {rPois rC+ Slay+2 Stlth+}
   (You found it on level 5 of the Vaults)

   It affects your accuracy and damage with ranged weapons and melee attacks
   (+2).
   It protects you from cold.
   It protects you from poison.
   It makes you more stealthy.
 h - the +15 Maxwell's patent armour {-Cast -Tele rElec MR+ rCorr}
   (You acquired it on level 5 of the Depths)

   It insulates you from electricity.
   It affects your resistance to hostile enchantments.
   It prevents spellcasting.
   It prevents most forms of teleportation.
   It provides partial protection from all sources of acid and corrosion.
 k - a +2 hat of intelligence (worn)
 r - a +4 shield of protection (worn)
 y - +8 fire dragon scales (worn)
 D - the +3 robe of Clouds {+Thunder rCloud rElec}
   (You took it off a Cloud Mage in a wizard's laboratory)

   It insulates you from electricity.
 I - the +4 skin of Zhor {Hibernate rC+++ SInv}
   (You found it in a wizard's laboratory)

   It renders you almost immune to cold.
   It lets you see invisible.
 P - a +2 cloak of cold resistance (worn)
Magical Staves
 e - an uncursed staff of energy
Jewellery
 a - an uncursed ring of poison resistance
 l - an uncursed ring of see invisible
 p - an uncursed ring of protection from fire
 t - the ring "Ongionupp" (left hand) {Wiz MR+ Dex+3}
   (You found it on level 1 of the Depths)

   [ring of wizardry]

   It improves your spell success rate.
   It affects your dexterity (+3).
   It affects your resistance to hostile enchantments.
 u - a +3 ring of slaying
 z - the amulet "Voyst" {Reflect Dex+2 SH+5}
   (You found it in a treasure trove)

   [amulet of reflection]

   It shields you and reflects attacks.
   It affects your dexterity (+2).
   It affects your SH (+5).
 F - an uncursed ring of protection from cold
 G - an uncursed ring of positive energy
 L - the amulet of Xuxzolugo {Regen+ MP+9}
   (You took it off a deep elf mage on level 1 of the Vaults)

   [amulet of regeneration]

   It affects your magic capacity (+9).
   It increases your rate of regeneration.
 Q - the ring of Peace (right hand) {*Drain rElec Int+5 Stlth+}
   (You found it in a treasure trove)

   [ring of intelligence]

   It affects your intelligence (+5).
   It insulates you from electricity.
   It causes draining when unequipped.
   It makes you more stealthy.
 W - the amulet of the Four Winds (around neck) {rN+ MR+++ Clar}
   (You took it off a deep elf death mage on level 3 of the Elven Halls)

   [amulet of nothing]

   It protects you from negative energy.
   It affects your resistance to hostile enchantments.
   It protects you against confusion.
Wands
 b - a wand of enslavement (5)
 f - a wand of digging (4)
 K - a wand of scattershot (6)
 U - a wand of acid (11)
Scrolls
 j - 17 scrolls of identify
 o - 21 scrolls of remove curse
 A - 10 scrolls of teleportation
 M - 5 scrolls of fear
 N - 4 scrolls of amnesia
 O - 2 scrolls of silence
 T - 13 scrolls of fog
 V - 4 scrolls of magic mapping
Potions
 c - a potion of resistance
 i - a potion of agility
 m - a potion of brilliance
 n - a potion of haste
 s - 9 potions of heal wounds
 x - 12 potions of curing
 C - a potion of berserk rage
 E - 6 potions of might
 H - 2 potions of magic
 J - 4 potions of ambrosia
 S - 5 potions of lignification
 X - a potion of invisibility
Comestibles
 d - 45 rations


   Skills:
 + Level 23.7 Fighting
 - Level 6.0(11.9) Short Blades
 - Level 15.6(16.0) Long Blades
 - Level 10.0 Armour
 - Level 10.0 Dodging
 - Level 10.0 Stealth
 - Level 15.0 Shields
 + Level 16.2 Spellcasting
 * Level 22.6 Conjurations
 - Level 5.0 Charms
 - Level 10.0 Summonings
 - Level 8.0 Necromancy
 - Level 5.0 Translocations
 O Level 27 Air Magic


You had 2 spell levels left.
You knew the following spells:

 Your Spells              Type           Power        Failure   Level  Hunger
a - Apportation           Tloc           ######       1%          1    None
b - Blink                 Tloc           N/A          1%          2    None
c - Conjure Ball Lightni  Conj/Air       ########..   1%          6    None
d - Deflect Missiles      Chrm/Air       #######...   1%          6    None
f - Freezing Cloud        Conj/Ice/Air   #######...   1%          6    None
g - Shroud of Golubria    Chrm/Tloc      ######       1%          2    None
l - Silence               Hex/Air        #######...   1%          5    None
o - Orb of Destruction    Conj           ########..   1%          7    ####...
r - Regeneration          Chrm/Necr      ######....   1%          3    None
s - Spellforged Servitor  Conj/Summ      #######...   2%          7    ####...
t - Tornado               Air            ########..   4%          9    #######
w - Swiftness             Chrm/Air       #######.     0%          2    None

Your spell library contained the following spells:

 Spells                   Type           Power        Failure   Level  Hunger
 Magic Dart               Conj           ####         0%          1    None
 Shock                    Conj/Air       ####         0%          1    None
 Searing Ray              Conj           ######       0%          2    None
 Animate Skeleton         Necr           N/A          1%          1    None
 Foxfire                  Conj/Fire      ####         1%          1    None
 Infusion                 Chrm           ####         1%          1    None
 Pain                     Necr           ####         1%          1    None
 Call Imp                 Summ           #######.     1%          2    None
 Poisonous Vapours        Pois/Air       ######       1%          2    None
 Song of Slaying          Chrm           ######..     1%          2    None
 Corona                   Hex            ####...      2%          1    None
 Sting                    Tmut/Pois      ####         2%          1    None
 Ensorcelled Hibernation  Hex/Ice        ####..       4%          2    None
 Slow                     Hex            ####....     4%          2    None
 Mephitic Cloud           Conj/Pois/Air  #######.     0%          3    None
 Static Discharge         Conj/Air       ########     0%          3    None
 Airstrike                Air            ########..   0%          4    None
 Lightning Bolt           Conj/Air       ########..   0%          5    None
 Conjure Flame            Conj/Fire      #######.     1%          3    None
 Dazzling Flash           Conj/Hex       ######       1%          3    None
 Gell's Gravitas          Tloc           ######....   1%          3    None
 Lesser Beckoning         Tloc           ######....   1%          3    None
 Stone Arrow              Conj/Erth      ######       1%          3    None
 Teleport Other           Tloc           ######..     1%          3    None
 Vampiric Draining        Necr           ######....   1%          3    None
 Animate Dead             Necr           N/A          1%          4    None
 Fulminant Prism          Conj/Hex       #######...   1%          4    None
 Iskenderun's Mystic Bla  Conj/Tloc      #######.     1%          4    None
 Sticky Flame             Conj/Fire      #######.     1%          4    None
 Summon Lightning Spire   Summ/Air       ########     1%          4    None
 Fireball                 Conj/Fire      #######...   1%          5    None
 Iskenderun's Battlesphe  Conj/Chrm      #######.     1%          5    None
 Ozocubu's Armour         Chrm/Ice       #####...     2%          3    None
 Portal Projectile        Hex/Tloc       #####.       2%          3    None
 Spectral Weapon          Hex/Chrm       #####...     2%          3    None
 Bolt of Magma            Conj/Fire/Erth ######....   3%          5    None
 Iron Shot                Conj/Erth      #######...   4%          6    None
 Shadow Creatures         Summ           N/A          6%          6    None
 Confuse                  Hex            ####....     8%          3    None
 Ignite Poison            Fire/Tmut/Pois ####....     8%          3    None
 Tukima's Dance           Hex            ####....     8%          3    None
 Summon Mana Viper        Hex/Summ       ######..     9%          5    None
 Borgnjor's Vile Clutch   Necr/Erth      ######....   14%         5    None
 Cause Fear               Hex            ####......   26%         4    None
 Ice Form                 Ice/Tmut       ####....     26%         4    None
 Leda's Liquefaction      Hex/Erth       ####......   26%         4    None
 Olgreb's Toxic Radiance  Pois           ####....     26%         4    None
 Dispersal                Tloc           ######....   43%         6    None
 Haunt                    Necr/Summ      ######....   45%         7    ####...
 Lee's Rapid Deconstruct  Erth           ####......   54%         5    None
 Metabolic Englaciation   Hex/Ice        ####......   54%         5    None
 Yara's Violent Unravell  Hex/Tmut       ####......   54%         5    None
 Simulacrum               Ice/Necr       ######....   56%         6    None
 Malign Gateway           Summ/Tloc      ######....   65%         7    ####...
 Darkness                 Hex            ####......   98%         6    None
 Hydra Form               Tmut           ####......   98%         6    None
 Ozocubu's Refrigeration  Ice            ####......   98%         6    None
 Statue Form              Tmut/Erth      ####.....    98%         6    None
 Borgnjor's Revivificati  Necr           ######....   99%         8    #####..
 Infestation              Necr           ######....   99%         8    #####..
 Dragon Form              Tmut           ####......   100%        7    ####...
 Controlled Blink         Tloc           N/A          100%        8    #####..
 Death's Door             Chrm/Necr      ######....   100%        8    #####..
 Discord                  Hex            ####......   100%        8    #####..
 Disjunction              Tloc           ######....   100%        8    #####..
 Necromutation            Tmut/Necr      ######....   100%        8    #####..
 Dragon's Call            Summ           #######...   100%        9    #######
 Shatter                  Erth           ####......   100%        9    #######
 Passage of Golubria      Tloc           Unusable     N/A         4    N/A

Dungeon Overview and Level Annotations

Branches:
Dungeon (15/15)            Temple (1/1) D:5            Lair (6/6) D:11
  Swamp (4/4) Lair:3       Spider (4/4) Lair:2        Slime (0/5) Lair:5
    Orc (2/2) D:9             Elf (3/3) Orc:2        Vaults (5/5) D:13
  Crypt (0/3) Vaults:3     Depths (5/5) D:15            Zot (5/5) Depths:5
  IceCv (visited)         Volcano (visited)          WizLab (visited)

Altars:
Ashenzari
Cheibriados
Dithmenos
Elyvilon
Fedhas
Gozag
Hepliaklqana
Kikubaaqudgha
Makhleb
Nemelex Xobeh
Okawaru
Qazlal
Ru
Sif Muna
Trog
Uskayaw
Vehumet
Wu Jian
Xom
Yredelemnul
Zin
The Shining One
Beogh
Lugonu

Shops:
D:4 [   D:10 [(   Orc:1 ??}   Orc:2 [!![}   Elf:1 ??   Vaults:3 [   Vaults:4 *
Depths:1 [

Portals:
Hell: Depths:1 Depths:2 Depths:3 Depths:4 Depths:5
Abyss: Depths:1 Depths:2 Depths:3 Depths:4 Depths:5
Pandemonium: Depths:3 Depths:5
Ziggurat: Depths:4

Annotations:
D:4 3 runed translucent doors, exclusion: 3 doors, RKaid's ghost, amateur DEEE
D:11 exclusion: door
D:14 3 runed translucent doors, exclusion: 3 doors, Kilet's ghost, adept GrEE; Kirke
Elf:1 2 transporters, exclusion: downstairs, Kyerol's ghost, adept TeSu
Elf:2 2 runed translucent doors
Vaults:3 1 runed translucent door, exclusion: door, heteroy's ghost, veteran GrEE
Depths:2 2 transporters, exclusion: downstairs
Depths:3 exclusion: downstairs
Depths:4 exclusion: downstairs
Zot:4 exclusion: downstairs


Innate Abilities, Weirdness & Mutations

You have a beak for a mouth.
You have claws for feet.
You can fly continuously.
You are partially covered in large bone plates. (SH +4)
You are mostly covered in slimy green scales. (AC +3)
You have supernaturally acute eyesight. (SInv)
You are clumsy. (Dex -2)
You are robust. (+10% HP)


Message History

Aiming: Dig
Press: ? - help, Shift-Dir - straight line A rock wall.
This square is covered in magical glow.
The rock shatters into small pieces.
The crimson imp blinks!
There is a stone staircase leading up here.
You fly upwards.
There is a stone staircase leading down here.
Casting: Regeneration (safe; 1% risk of failure)
Confirm with . or Enter, or press ? or * to list all spells.
You feel quick.
You feel yourself speed up.
Evoke which item? (* to show all) (? for menu, Esc to quit)
Aiming: Dig
Press: ? - help, Shift-Dir - straight line A rock wall.
This square is covered in magical glow.
The rock shatters into small pieces.
There is a staircase leading out of the dungeon here.
You have escaped!

##### ######.@.######
###.............###
###.................###
#.+.................'.#
#.#.................#.#
#.###.............###.#
#.# ###.........### #.#
#.# ###.....### #.# #.#
###.........### #.#


There were no monsters in sight!

Vanquished Creatures
  5 orbs of fire
  5 ancient liches
  A juggernaut (Depths:4)
  5 Killer Klowns
  2 curse toes
  10 golden dragons
  A bone dragon (Vaults:3)
  A Cloud Mage (WizLab)
  15 tentacled monstrosities
  A Tzitzimitl (D:4)
  4 liches
  15 Orb Guardians (Zot:5)
  3 deep elf blademasters (Elf:3)
  2 titans
  Asterion (Elf:2)
  4 quicksilver dragons
  4 death cobs
  Gastronok (Lair:1)
  4 thorn hunters
  7 sphinxes
  11 storm dragons
  7 tengu reavers
  Donald (Swamp:1)
  Agnes (Lair:2)
  5 draconian monks (Depths:5)
  13 shadow dragons
  7 fire giants
  A nagaraja (Vaults:1)
  19 frost giants
  5 emperor scorpions
  2 draconian knights (Zot:4)
  9 deep elf sorcerers
  16 vault wardens
  6 draconian shifters
  4 ghost moths
  3 deep elf elementalists
  3 orc warlords
  2 iron dragons
  4 draconian annihilators
  Aizul (Swamp:3)
  8 draconian scorchers
  2 ghouls (Depths:1)
  2 draconian stormcallers
  13 ironheart preservers
  4 war gargoyles
  3 entropy weavers
  20 stone giants
  17 very ugly things
  3 green draconians
  9 purple draconians
  12 deep elf annihilators
  11 black draconians
  4 deep elf demonologists
  3 vampire knights
  11 red draconians
  A dire elephant (Lair:6)
  7 white draconians
  3 yellow draconians
  4 spark wasps
  17 ettins
  A lorocyproca (Depths:3)
  5 blizzard demons
  A merfolk javelineer (Depths:1)
  10 deep elf death magi
  Snorg (D:9)
  2 crystal guardians
  7 fire dragons
  7 deep elf high priests
  17 yaktaur captains
  14 ogre magi
  6 rakshasas
  A naga warrior (Depths:1)
  Fannar (D:11)
  8 great orbs of eyes
  A great orb of eyes (shapeshifter) (Vaults:3)
  7 spriggan air magi
  12 ice dragons
  28 hydras
  43 vault guards
  2 ghost crabs
  2 death knights (Vaults:5)
  15 centaur warriors
  5 catoblepae
  16 alligators
  2 shambling mangroves (Swamp:3)
  Erica (Orc:1)
  31 two-headed ogres
  3 tengu warriors
  10 death yaks
  7 deep troll shamans
  7 death scarabs (Spider:4)
  9 deep troll earth magi
  4 hell hogs (D:2)
  A satyr (shapeshifter) (Vaults:5)
  35 dancing weapons
  3 orc high priests (Orc:2)
  2 shock serpents (shapeshifter)
  A titan zombie (Depths:2)
  9 spriggan berserkers
  Nergalle (Lair:1)
  Sonja (Lair:3)
  25 deep elf knights
  2 iron trolls
  3 shock serpents (WizLab)
  A shadow wraith (Vaults:3)
  A sixfirhy (Depths:3)
  4 salamander mystics (Depths:1)
  7 hell knights
  2 infernal demonspawn (Depths:3)
  A large abomination (D:14)
  4 skeletal warriors
  4 unseen horrors
  A spectral emperor scorpion (Spider:4)
  4 spriggan druids
  35 deep trolls
  13 swamp dragons
  6 death drakes
  An unseen horror (shapeshifter) (Depths:3)
  11 glowing orange brains
  Pikel (D:5)
  15 deep elf archers
  6 wizards
  5 phantasmal warriors
  3 flayed ghosts
  7 lindwurms (Depths:5)
  5 spectral wolf spiders (Spider:4)
  5 harpies
  67 deep elf magi
  An obsidian statue (Zot:5)
  19 orc knights
  A sphinx zombie (Depths:3)
  41 wolf spiders
  20 ironbrand convokers
  2 orb spiders (shapeshifter)
  13 orb spiders
  6 necromancers
  A tengu skeleton (Depths:2)
  6 orc sorcerers
  61 ugly things
  2 salamanders (Volcano)
  A salamander (shapeshifter) (Vaults:4)
  31 moths of wrath
  8 cyclopes
  6 manticores
  Maurice (Orc:2)
  A sphinx skeleton (Depths:2)
  A titan simulacrum (Depths:3)
  8 elephants (Lair:6)
  A black mamba (shapeshifter) (Vaults:2)
  2 centaur zombies
  2 ice statues
  3 black mambas
  A naga mage (Depths:1)
  14 vault sentinels
  5 apocalypse crabs (WizLab)
  4 eyes of devastation
  2 gargoyles
  19 spiny frogs
  An elf skeleton (Vaults:5)
  4 kobold demonologists
  10 komodo dragons
  4 rime drakes
  4 redback zombies
  72 yaktaurs
  A komodo dragon (shapeshifter) (Elf:2)
  2 anaconda simulacra (IceCv)
  3 spectral redbacks (Spider:4)
  12 freezing wraiths
  3 efreet
  3 tengu conjurers
  11 demonic crawlers
  A human skeleton (Vaults:5)
  A hellwing (Depths:3)
  A queen bee (shapeshifter) (Depths:1)
  A queen bee (D:11)
  6 ice devils (IceCv)
  6 trolls
  2 golden dragon simulacra (IceCv)
  2 jumping spiders (shapeshifter)
  2 polar bears (Depths:1)
  A meliai (shapeshifter) (Vaults:3)
  7 tyrant leeches
  3 meliai (D:13)
  32 jumping spiders
  A tyrant leech (shapeshifter) (Vaults:5)
  28 hornets
  A sphinx simulacrum (Depths:3)
  3 blink frogs (Lair:3)
  2 spectral tarantellas (Spider:4)
  A wind drake (Depths:5)
  4 spectral jumping spiders (Spider:4)
  2 jumping spider zombies (Spider:4)
  9 bog bodies
  55 slime creatures
  A stone giant simulacrum (Depths:2)
  A raiju (shapeshifter) (Vaults:3)
  12 hippogriffs
  A human simulacrum (Vaults:5)
  Sigmund (D:3)
  12 spriggans
  3 vampires (Depths:1)
  An ettin skeleton (Depths:2)
  A shadow (D:14)
  24 tarantellas
  8 water elementals
  2 wyverns
  60 redbacks
  17 air elementals
  2 yaks (shapeshifter)
  A fire bat (Volcano)
  9 fire elementals
  6 hogs
  2 basilisks (shapeshifter) (Depths:4)
  A fire bat (shapeshifter) (Vaults:3)
  45 yaks
  6 basilisks
  4 dire elephant simulacra (IceCv)
  4 hungry ghosts
  2 steam dragons
  A neqoxec (Depths:3)
  24 vampire mosquitoes
  5 wargs
  3 harpy simulacra (IceCv)
  9 insubstantial wisps
  18 swamp worms
  Duvessa (D:7)
  19 water moccasins
  A hydra simulacrum (IceCv)
  An acid dragon (Vaults:2)
  2 iron troll simulacra (IceCv)
  3 hell hounds (Volcano)
  17 swamp drakes
  3 floating eyes
  3 spectral hornets (Spider:4)
  11 porcupines
  2 hornet zombies (Spider:4)
  20 ice beasts
  A sky beast (shapeshifter) (Depths:3)
  An ettin simulacrum (IceCv)
  3 black bears
  37 orc warriors
  An alligator simulacrum (IceCv)
  5 phantoms
  5 sky beasts
  9 boggarts
  A necrophage (D:11)
  34 ogres
  A boggart (shapeshifter) (Vaults:3)
  7 wolves
  30 centaurs
  11 crocodiles
  4 big kobolds
  20 bullfrogs
  4 earth elementals
  3 gnoll sergeants
  A glowing shapeshifter simulacrum (Depths:3)
  3 scorpions
  Dowan (D:7)
  2 swamp dragon simulacra (IceCv)
  An elephant simulacrum (IceCv)
  33 killer bees
  5 wights (D:11)
  8 electric eels
  2 lava snakes
  6 crimson imps
  A draconian simulacrum (IceCv)
  2 bullfrog zombies
  9 jellies
  4 hounds
  26 orc wizards
  Crazy Yiuf (D:7)
  4 centaur skeletons
  17 orc priests
  Natasha (D:2)
  5 bullfrog skeletons
  Ijyb (D:4)
  An iguana (shapeshifter) (Elf:2)
  4 iguanas
  5 hell rats (Lair:2)
  9 worker ants
  5 troll simulacra (IceCv)
  A killer bee zombie (D:10)
  2 centaur simulacra (IceCv)
  A hound zombie (D:10)
  19 gnolls
  12 adders
  3 naga simulacra (IceCv)
  An ogre simulacrum (IceCv)
  A shadow imp (D:7)
  9 white imps
  3 ufetubi (IceCv)
  An ooze (shapeshifter) (D:13)
  2 oozes
  2 adder skeletons (D:4)
  3 worms
  A dart slug (D:1)
  4 leopard geckos
  96 orcs
  9 giant cockroaches
  10 goblins
  7 hobgoblins
  3 jackals (D:4)
  5 quokkas
  10 bats
  5 frilled lizards
  A jackal skeleton (D:4)
  20 kobolds
  A leopard gecko skeleton (D:4)
  A quokka zombie (D:5)
  8 rats
  A fire vortex (Lair:5)
  2 fungi (Lair:6)
2474 creatures vanquished.

Vanquished Creatures (collateral kills)
  A Killer Klown (Zot:5)
  4 golden dragons
  2 electric golems (Zot:5)
  Rupert (Spider:1)
  10 Orb Guardians
  6 tentacled monstrosities
  3 death cobs
  5 storm dragons
  5 draconian monks
  A draconian shifter (Zot:3)
  5 green draconians
  3 black draconians
  4 white draconians
  4 red draconians
  A purple draconian (Zot:2)
  A yellow draconian (Zot:4)
  A deep elf archer (Vaults:3)
  An orb spider (Spider:2)
  2 wolf spiders
  4 moths of wrath
  2 redbacks
  A tarantella (Spider:3)
  A black bear (shapeshifter) (Vaults:1)
68 creatures vanquished.

Vanquished Creatures (others)
  A storm dragon (Zot:3)
  A fire giant (Vaults:3)
  A frost giant (Vaults:5)
  2 stone giants
  A yaktaur captain (Depths:3)
  A shadow wraith (Vaults:3)
  A phantasmal warrior (Vaults:5)
  A deep elf archer (Elf:1)
  A deep elf mage (Elf:2)
  An apocalypse crab (WizLab)
  14 yaktaurs
  A jumping spider (Spider:4)
  A redback (Spider:3)
  A centaur (Volcano)
  3 killer bees (D:11)
  An orc priest (Orc:2)
  2 orcs
  8 fungi
  14 plants
56 creatures vanquished.

Grand Total: 2598 creatures vanquished

Notes
Turn   | Place    | Note
-------+----------+-------------------------------------------
     0 | D:1      | Anathematize the Tengu Wizard began the quest for the Orb.
     0 | D:1      | Reached XP level 1. HP: 10/10 MP: 5/5
   244 | D:1      | Reached XP level 2. HP: 16/16 MP: 2/7
   414 | D:1      | Learned a level 2 spell: Blink
   452 | D:1      | Reached skill level 1 in Fighting
  1139 | D:2      | Reached XP level 3. HP: 17/20 MP: 3/8
  1144 | D:2      | Learned a level 3 spell: Mephitic Cloud
  1575 | D:2      | Reached skill level 1 in Air Magic
  1960 | D:2      | Reached XP level 4. HP: 25/25 MP: 4/9
  2050 | D:2      | Noticed Natasha
  2247 | D:2      | Killed Natasha
  2247 | D:2      | Reached skill level 1 in Short Blades
  2247 | D:2      | Reached skill level 2 in Air Magic
  2770 | D:3      | Noticed Sigmund
  2831 | D:3      | Killed Sigmund
  2831 | D:3      | Reached skill level 5 in Conjurations
  2831 | D:3      | Reached skill level 3 in Air Magic
  2831 | D:3      | Gained mutation: You can fly continuously. [Tengu growth]
  2831 | D:3      | Reached XP level 5. HP: 31/31 MP: 7/10
  2831 | D:3      | Reached XP level 6. HP: 36/36 MP: 7/11
  3042 | D:3      | Reached skill level 4 in Air Magic
  4076 | D:4      | Reached XP level 7. HP: 40/40 MP: 7/12
  4180 | D:4      | Found a runed translucent gate.
  4181 | D:4      | Found a runed translucent gate.
  4181 | D:4      | Identified the +5 dagger "Leumabum" {speed, *Rage Str+5
                  | SInv}
  4181 | D:4      | Noticed RKaid's ghost (amateur DEEE)
  4182 | D:4      | Found a runed translucent gate.
  4182 | D:4      | Found a roughly hewn altar of Beogh.
  4472 | D:4      | Found Jaomumyo's Armour Shop.
  4510 | D:4      | Bought a +0 pair of gloves for 49 gold pieces
  4628 | D:4      | Reached skill level 5 in Air Magic
  4696 | D:4      | Noticed Ijyb
  4707 | D:4      | Killed Ijyb
  4789 | D:5      | Entered Level 5 of the Dungeon
  4842 | D:5      | Reached skill level 1 in Translocations
  4930 | D:5      | Noticed Pikel
  5151 | D:5      | Found a staircase to the Ecumenical Temple.
  5158 | Temple   | Entered the Ecumenical Temple
  5322 | Temple   | Became a worshipper of the Wu Jian Council
  5684 | D:5      | Killed Pikel
  5684 | D:5      | Reached skill level 7 in Air Magic
  5684 | D:5      | Reached XP level 8. HP: 48/48 MP: 11/13
  6801 | D:6      | Reached XP level 9. HP: 48/52 MP: 9/15
  7191 | D:7      | Found a radiant altar of Vehumet.
  7204 | D:7      | Reached skill level 8 in Air Magic
  7351 | D:6      | Reached skill level 1 in Armour
  7784 | D:7      | Reached skill level 5 in Short Blades
  7956 | D:7      | Reached skill level 5 in Fighting
  7960 | D:7      | Noticed Duvessa
  7977 | D:7      | Noticed Dowan
  8535 | D:7      | Killed Dowan
  8669 | D:7      | Killed Duvessa
  8669 | D:7      | Reached * piety under Wu Jian
  8847 | D:7      | Found a runed translucent door.
  8848 | D:7      | Noticed Crazy Yiuf
  9023 | D:7      | Killed Crazy Yiuf
  9257 | D:7      | Reached XP level 10. HP: 44/60 MP: 9/18
  9832 | D:8      | Reached skill level 5 in Spellcasting
 10435 | D:9      | Reached skill level 1 in Long Blades
 10492 | D:9      | Found a shattered altar of Ashenzari.
 10759 | D:9      | Found a staircase to the Orcish Mines.
 10831 | D:10     | Entered Level 10 of the Dungeon
 10836 | D:10     | Found Oqaats's Food Emporium.
 10915 | D:10     | Found Acewn's Antique Armour Shoppe.
 10945 | D:10     | Bought a buckler for 130 gold pieces
 10997 | D:9      | Reached skill level 1 in Shields
 11509 | D:10     | Found Xoest's Weapon Shop.
 11573 | D:10     | Reached skill level 5 in Dodging
 11647 | D:11     | Found a staircase to the Lair.
 11647 | D:11     | Noticed a death yak
 11647 | D:11     | Noticed a death yak
 11648 | D:11     | Noticed a death yak
 11648 | D:11     | Noticed a death yak
 11833 | D:11     | Reached skill level 5 in Armour
 11860 | D:11     | Found a flickering gateway to a bazaar.
 11869 | Bazaar   | Entered a bazaar
 11869 | Bazaar   | Found Wigremyi's Antique Armour Shop.
 11895 | Bazaar   | Found Xeesots's Antique Weapon Shop.
 11915 | Bazaar   | Found Zighap's General Store.
 11923 | Bazaar   | Bought a potion of curing for 45 gold pieces
 11923 | Bazaar   | Bought a +0 scimitar of slicing for 120 gold pieces
 11923 | Bazaar   | Bought a scroll of identify for 30 gold pieces
 11987 | D:11     | Noticed a manticore
 12046 | D:10     | Reached XP level 11. HP: 25/66 MP: 12/19
 12266 | D:11     | Killed a manticore
 12624 | D:11     | Reached ** piety under Wu Jian
 12861 | D:11     | Noticed a death yak
 12861 | D:11     | Noticed a death yak
 13584 | D:10     | Killed a death yak
 14119 | D:10     | Killed a death yak
 14119 | D:10     | Reached skill level 5 in Long Blades
 14936 | D:10     | Killed a death yak
 15098 | D:11     | Killed a death yak
 15246 | D:11     | Noticed a cyclops
 15255 | D:11     | Killed a cyclops
 15465 | D:11     | Noticed Fannar
 15697 | D:4      | Bought a +0 robe of cold resistance for 84 gold pieces
 15883 | D:11     | Killed Fannar
 15917 | D:11     | Learned a level 3 spell: Conjure Flame
 16082 | D:11     | Reached XP level 12. HP: 55/75 MP: 16/20
 16116 | D:11     | Reached *** piety under Wu Jian
 16285 | Lair:1   | Entered Level 1 of the Lair of Beasts
 16380 | Lair:1   | Noticed an eight-headed hydra
 16565 | Lair:1   | Noticed Nergalle
 16576 | Lair:1   | Noticed Gastronok
 16578 | Lair:1   | Killed Nergalle
 16660 | Lair:1   | Found a dark tunnel.
 16665 | Volcano  | Entered a volcano
 16693 | Volcano  | Noticed a two-headed ogre
 16715 | Volcano  | Killed a two-headed ogre
 17981 | D:11     | Killed a three-headed hydra
 17981 | D:11     | Reached skill level 10 in Conjurations
 18139 | D:12     | Noticed a two-headed ogre
 19086 | D:12     | Noticed a catoblepas
 19149 | D:11     | Reached skill level 10 in Fighting
 19388 | D:12     | Killed a two-headed ogre
 19392 | D:12     | Killed a catoblepas
 19392 | D:12     | Reached XP level 13. HP: 82/82 MP: 18/23
 19412 | D:12     | Learned a level 2 spell: Call Imp
 19557 | D:12     | Reached **** piety under Wu Jian
 20564 | D:12     | Reached skill level 9 in Air Magic
 21495 | D:12     | Noticed an ice dragon
 22309 | Lair:2   | Found a hole to the Spider Nest.
 22333 | Lair:2   | Reached skill level 10 in Air Magic
 22342 | Lair:2   | Learned a level 7 spell: Orb of Destruction
 22391 | Lair:2   | Reached skill level 10 in Long Blades
 23324 | Lair:2   | Reached ***** piety under Wu Jian
 24118 | Lair:3   | Noticed Sonja
 24650 | Lair:3   | Found a staircase to the Swamp.
 24825 | Lair:3   | Found the +8 whip "Snakebite" {curare, rPois}
 24978 | Lair:3   | You are sucked into a shaft and drop 1 floor!
 25085 | Lair:3   | Killed Sonja
 25851 | Lair:3   | Reached XP level 14. HP: 54/90 MP: 24/24
 27034 | Lair:5   | Found a staircase to the Slime Pits.
 27121 | Lair:5   | Learned a level 3 spell: Regeneration
 28944 | Lair:1   | Killed Gastronok
 29736 | D:13     | Found a portal to a secret trove of treasure.
 29865 | D:13     | Found a bloodstained altar of Trog.
 30160 | D:13     | Found an ornate altar of the Wu Jian Council.
 30833 | D:13     | Found a gate to the Vaults.
 31736 | D:14     | Reached ****** piety under Wu Jian
 32458 | D:14     | Found a runed translucent gate.
 32458 | D:14     | Found a runed translucent gate.
 32458 | D:14     | Found a runed translucent gate.
 32466 | D:14     | Noticed Kilet's ghost (adept GrEE)
 32893 | Lair:6   | Entered Level 6 of the Lair of Beasts
 32948 | Lair:6   | Found a sacrificial altar of Ru.
 32966 | Lair:6   | Reached XP level 15. HP: 43/97 MP: 25/25
 33316 | Lair:6   | Identified a scroll of acquirement
 33381 | Lair:6   | Learned a level 4 spell: Passage of Golubria
 36310 | Orc:1    | Entered Level 1 of the Orcish Mines
 36314 | Orc:1    | Noticed Snorg
 36341 | D:9      | Killed Snorg
 36631 | Orc:1    | Noticed Erica
 36785 | Orc:1    | Killed Erica
 36937 | Orc:2    | Entered Level 2 of the Orcish Mines
 37219 | Orc:2    | Noticed Maurice
 37225 | Orc:2    | Killed Maurice
 37310 | Orc:2    | Found a staircase to the Elven Halls.
 37335 | Orc:2    | Found Lihozeg's Antique Armour Shoppe.
 37429 | Orc:1    | Found Demul's Magic Scroll Shoppe.
 37440 | Orc:1    | Found Cuwaklew's Food Shop.
 37502 | Orc:1    | Found Yhiasut's Magic Scroll Boutique.
 37536 | Orc:1    | Found Fenu's Gadget Shoppe.
 39199 | Orc:2    | Found Dehemac's Distillery.
 39199 | Orc:2    | Found Uggomeal's Distillery.
 39201 | Orc:2    | Found Ajug's Antique Armour Shoppe.
 39201 | Orc:2    | Found Fotet's Gadget Boutique.
 39263 | Orc:1    | Got a jewelled double sword
 39265 | Orc:1    | Identified the +1 double sword of Junawn {pain, Str+2} (You
                  | acquired it on level 1 of the Orcish Mines)
 39279 | Orc:1    | Bought a scroll of fog for 22 gold pieces
 39279 | Orc:1    | Bought a scroll of fog for 22 gold pieces
 39293 | Orc:1    | Bought a scroll of teleportation for 42 gold pieces
 39293 | Orc:1    | Bought a scroll of teleportation for 42 gold pieces
 39293 | Orc:1    | Bought a scroll of enchant armour for 105 gold pieces
 39293 | Orc:1    | Bought a scroll of enchant armour for 105 gold pieces
 39293 | Orc:1    | Bought a scroll of enchant weapon for 105 gold pieces
 39293 | Orc:1    | Bought 3 scrolls of identify for 84 gold pieces
 39293 | Orc:1    | Bought a scroll of teleportation for 42 gold pieces
 39293 | Orc:1    | Bought a scroll of blinking for 105 gold pieces
 39297 | Orc:1    | Bought a scroll of identify for 28 gold pieces
 39297 | Orc:1    | Bought a scroll of identify for 28 gold pieces
 39297 | Orc:1    | Bought a scroll of identify for 28 gold pieces
 39491 | D:15     | Entered Level 15 of the Dungeon
 39546 | D:15     | Noticed Kirke
 40545 | D:15     | Reached XP level 16. HP: 52/106 MP: 26/26
 40767 | D:15     | Reached skill level 10 in Dodging
 40856 | D:15     | Found a staircase to the Depths.
 40896 | D:15     | Reached skill level 10 in Armour
 41201 | D:15     | Reached skill level 5 in Shields
 42039 | Spider:1 | Entered Level 1 of the Spider Nest
 42662 | Spider:1 | Noticed Agnes
 43062 | Lair:2   | Killed Agnes
 43286 | Spider:1 | Noticed Rupert
 43299 | Spider:1 | Paralysed by Rupert for 6 turns
 43302 | Spider:1 | Killed Rupert
 43608 | Spider:2 | Reached skill level 15 in Fighting
 43634 | Spider:2 | Found a frozen archway.
 43657 | IceCv    | Entered an ice cave
 46635 | Spider:2 | Upgraded the game from 0.25-a0-237-g0889b22 to
                  | 0.25-a0-246-g58704a1
 47727 | Spider:2 | Reached XP level 17. HP: 83/113 MP: 21/27
 47861 | Spider:3 | Reached skill level 10 in Shields
 49094 | Spider:3 | Learned a level 6 spell: Freezing Cloud
 49400 | Spider:4 | Entered Level 4 of the Spider Nest
 50812 | Spider:4 | Identified the Reference Book on Damage Dealing and
                  | Enhancements
 54238 | Spider:4 | Reached XP level 18. HP: 122/122 MP: 28/28
 54634 | Spider:4 | Got a gossamer rune of Zot
 54792 | Swamp:1  | Entered Level 1 of the Swamp
 54944 | Swamp:1  | Noticed Donald
 55119 | Swamp:1  | Killed Donald
 55542 | Swamp:1  | Got a slimy wooden ring
 55543 | Swamp:1  | Identified the cursed ring "Ziatus Seu" {rC+ Str-2 Int+5}
                  | (You found it on level 1 of the Swamp)
 58241 | Swamp:2  | Identified the +5 scimitar of Kolay {distort, rC++} (You
                  | found it on level 2 of the Swamp)
 58690 | Swamp:3  | Reached skill level 15 in Shields
 59335 | Swamp:3  | Noticed Aizul
 59348 | Swamp:3  | Killed Aizul
 59481 | Swamp:4  | Entered Level 4 of the Swamp
 60327 | Swamp:3  | Reached skill level 11 in Air Magic
 61076 | Swamp:3  | Reached XP level 19. HP: 125/128 MP: 30/30
 61083 | Swamp:3  | Learned a level 5 spell: Silence
 61864 | Swamp:3  | Reached skill level 12 in Air Magic
 62373 | Swamp:4  | Got a decaying rune of Zot
 62644 | Orc:2    | Bought a pair of glowing gloves for 232 gold pieces
 62694 | Orc:1    | Bought a ration for 60 gold pieces
 62694 | Orc:1    | Bought a ration for 60 gold pieces
 62694 | Orc:1    | Bought a ration for 60 gold pieces
 62694 | Orc:1    | Bought a ration for 60 gold pieces
 62694 | Orc:1    | Bought a ration for 60 gold pieces
 62694 | Orc:1    | Bought a ration for 60 gold pieces
 62694 | Orc:1    | Bought a ration for 60 gold pieces
 62694 | Orc:1    | Bought a ration for 60 gold pieces
 62694 | Orc:1    | Bought a ration for 60 gold pieces
 63288 | Vaults:1 | Entered Level 1 of the Vaults
 63337 | Vaults:1 | Found a magical portal.
 63498 | WizLab   | Paralysed by you for 6 turns
 64753 | WizLab   | Reached skill level 13 in Air Magic
 65115 | WizLab   | Identified the ring of the Shining Light {+Blink +Fly
                  | Dex+2}
 65115 | WizLab   | Noticed Zucua
 65140 | WizLab   | Killed Zucua the Cloud Mage
 65210 | WizLab   | Found the +4 skin of Zhor {Hibernate rC+++ SInv}
 65224 | WizLab   | Got a shimmering wooden ring
 65225 | WizLab   | Identified the ring of Temperance {+Fly Dex+2} (You found
                  | it in a wizard's laboratory)
 65229 | WizLab   | Identified Usun's Papyrus of Displaced Aid
 65233 | WizLab   | Learned a level 1 spell: Apportation
 65236 | WizLab   | Identified the Reference Book on Flight
 66237 | D:13     | Reached skill level 14 in Air Magic
 67247 | Vaults:1 | Reached XP level 20. HP: 122/136 MP: 33/33
 67837 | Vaults:1 | Reached skill level 15 in Long Blades
 67919 | Vaults:1 | Reached skill level 15 in Air Magic
 68604 | Vaults:1 | Identified the +8 hunting sling of the Insatiable Curses
                  | {venom, rPois Str+3}
 68891 | Vaults:1 | Identified the +7 flail of Fedhas's Regard {crush, rN++}
 68891 | Vaults:1 | Identified the amulet of Xuxzolugo {Regen+ MP+9}
 69392 | Vaults:1 | Identified the +4 chain mail of Xeeczeick {rN+ MR+ Str-4
                  | Int+2}
 69462 | Vaults:1 | Noticed a golden dragon
 69470 | Vaults:1 | Killed a golden dragon
 69630 | Vaults:2 | Upgraded the game from 0.25-a0-246-g58704a1 to
                  | 0.25-a0-251-g572059c
 69705 | Vaults:2 | Reached skill level 1 in Necromancy
 71490 | Vaults:2 | Paralysed by a sphinx for 6 turns
 71917 | Vaults:2 | Reached skill level 5 in Necromancy
 72097 | Vaults:2 | Reached skill level 10 in Spellcasting
 72153 | Vaults:2 | Identified the +4 falchion of Yhoucsu {holy, rN++ Str+3}
 72300 | Vaults:2 | Learned a level 6 spell: Deflect Missiles
 72806 | Vaults:3 | Reached XP level 21. HP: 108/142 MP: 36/36
 73342 | Vaults:3 | Found a runed translucent door.
 73342 | Vaults:3 | Found a shimmering altar of Xom.
 73342 | Vaults:3 | Noticed heteroy's ghost (veteran GrEE)
 74102 | Vaults:3 | Noticed a bone dragon
 74140 | Vaults:3 | Killed a bone dragon
 74200 | Vaults:3 | Found a staircase to the Crypt.
 74885 | Vaults:3 | Reached skill level 15 in Conjurations
 75743 | Vaults:3 | Identified the +2 cloak of the Spider Nest {rF++ MR- Str+2}
                  | (You found it on level 3 of the Vaults)
 75957 | Vaults:3 | Found Muuleleneh's Armour Emporium.
 76575 | Vaults:4 | Reached XP level 22. HP: 150/150 MP: 38/38
 76823 | Vaults:4 | Reached skill level 16 in Air Magic
 77136 | Vaults:4 | Found Taigosk's Assorted Antiques.
 77970 | D:13     | You paid a toll of 5 scrolls of blinking to enter a
                  | treasure trove
 77971 | Trove    | Entered a treasure trove
 77993 | Trove    | Identified the ring of Peace {*Drain rElec Int+5 Stlth+}
                  | (You found it in a treasure trove)
 77995 | Trove    | Identified the amulet "Voyst" {Reflect Dex+2 SH+5} (You
                  | found it in a treasure trove)
 77998 | Trove    | Identified the ring of Rotho {+Fly rPois rF- rN+ Dex+3}
                  | (You found it in a treasure trove)
 78001 | Trove    | Identified the +0 large shield of Virtue {+Fly rElec Str-4
                  | SInv} (You found it in a treasure trove)
 78170 | D:10     | Bought a ration for 60 gold pieces
 78170 | D:10     | Bought a ration for 60 gold pieces
 78170 | D:10     | Bought a ration for 60 gold pieces
 78170 | D:10     | Bought a ration for 60 gold pieces
 78170 | D:10     | Bought a ration for 60 gold pieces
 78170 | D:10     | Bought a ration for 60 gold pieces
 78170 | D:10     | Bought a ration for 60 gold pieces
 78170 | D:10     | Bought a ration for 60 gold pieces
 78170 | D:10     | Bought a ration for 60 gold pieces
 78234 | Elf:1    | Entered Level 1 of the Elven Halls
 78327 | Elf:1    | Found Optul's Magic Scroll Shoppe.
 78700 | Elf:1    | Found Keah's Magic Scroll Emporium.
 78710 | Elf:1    | Bought a scroll of enchant weapon for 105 gold pieces
 78710 | Elf:1    | Bought a scroll of enchant weapon for 105 gold pieces
 78710 | Elf:1    | Bought a scroll of enchant weapon for 105 gold pieces
 78710 | Elf:1    | Bought a scroll of identify for 28 gold pieces
 78710 | Elf:1    | Bought a scroll of identify for 28 gold pieces
 78710 | Elf:1    | Bought a scroll of identify for 28 gold pieces
 78715 | Elf:1    | Bought a scroll of enchant armour for 112 gold pieces
 78715 | Elf:1    | Bought a scroll of identify for 30 gold pieces
 78715 | Elf:1    | Bought a scroll of fog for 30 gold pieces
 78715 | Elf:1    | Bought a scroll of blinking for 112 gold pieces
 78715 | Elf:1    | Bought a scroll of teleportation for 45 gold pieces
 78715 | Elf:1    | Bought a scroll of identify for 30 gold pieces
 78779 | Elf:1    | Found a transporter.
 78785 | Elf:1    | Noticed Kyerol's ghost (adept TeSu)
 79186 | Elf:1    | Identified the +5 scimitar "Zareur" {holy, Dex+5} (You
                  | found it on level 1 of the Elven Halls)
 79341 | Elf:1    | Reached skill level 17 in Air Magic
 79513 | Elf:1    | Found a transporter.
 80329 | Elf:2    | Noticed Asterion
 80404 | Elf:2    | Killed Asterion
 80666 | Elf:2    | Found a large runed translucent door.
 80666 | Elf:2    | Found a large runed translucent door.
 80691 | Elf:2    | Found a large runed translucent door.
 80691 | Elf:2    | Found a large runed translucent door.
 81047 | Elf:2    | Reached skill level 1 in Charms
 81248 | Elf:2    | Reached XP level 23. HP: 156/156 MP: 15/40
 81378 | Elf:2    | Learned a level 9 spell: Tornado
 81767 | Elf:3    | Entered Level 3 of the Elven Halls
 82367 | Elf:3    | Reached skill level 18 in Air Magic
 82594 | Elf:3    | Identified the +10 chain mail of the Catamount {Slay+3
                  | SInv}
 83314 | Elf:3    | Identified the cursed +3 scimitar "Muhooph" {venom, rPois
                  | rF+ MR+ Int-2 Dex+2}
 83314 | Elf:3    | Identified the +1 troll leather armour of Hureosmuq {rF+
                  | rN++ Regen+ MP+9 Str-3}
 83502 | Elf:3    | Identified the cursed +1 morningstar of Extinguishment
                  | {flame, Int+4}
 83634 | Elf:3    | Identified the Guide on the Unstable Oath
 84673 | Depths:1 | Entered Level 1 of the Depths
 84778 | Depths:1 | Found a gateway to Hell.
 84803 | Depths:1 | Reached skill level 5 in Charms
 85134 | Depths:1 | Found a one-way gate to the infinite horrors of the Abyss.
 85219 | Depths:1 | Found Leoqouheog's Antique Armour Emporium.
 86343 | Depths:1 | Reached skill level 19 in Air Magic
 86803 | Depths:1 | Got a warped bone ring
 86804 | Depths:1 | Identified the ring "Ongionupp" {Wiz MR+ Dex+3} (You found
                  | it on level 1 of the Depths)
 86986 | Depths:2 | Reached XP level 24. HP: 164/164 MP: 40/40
 87385 | Depths:2 | Found a transporter.
 87831 | Depths:2 | Found a transporter.
 89003 | Depths:3 | Found a corrupted altar of Lugonu.
 89131 | Depths:3 | Reached skill level 20 in Air Magic
 89329 | Depths:3 | Learned a level 2 spell: Shroud of Golubria
 89521 | Depths:3 | Found a one-way gate leading to the halls of Pandemonium.
 89640 | Depths:4 | Upgraded the game from 0.25-a0-251-g572059c to
                  | 0.25-a0-252-gc8cd6a5
 90054 | Depths:4 | Reached skill level 5 in Translocations
 90799 | Depths:4 | Identified the cursed +1 crystal plate armour of the
                  | Solstice {*Contam rN+ Int+6}
 90913 | Depths:4 | Reached XP level 25. HP: 124/170 MP: 34/41
 90978 | Depths:4 | Noticed a juggernaut
 90985 | Depths:4 | Paralysed by a floating eye for 2 turns
 90987 | Depths:4 | Found a gateway to a ziggurat.
 91232 | Depths:3 | Reached skill level 21 in Air Magic
 91288 | Depths:4 | You are sucked into a shaft and drop 1 floor!
 91288 | Depths:5 | Entered Level 5 of the Depths
 92077 | Depths:4 | Killed a juggernaut
 92107 | Depths:4 | Paralysed by a great orb of eyes for 7 turns
 92203 | Depths:4 | Paralysed by a floating eye for 4 turns
 92219 | Depths:4 | Paralysed by a floating eye for 3 turns
 92232 | Depths:4 | Paralysed by a floating eye for 2 turns
 92253 | Depths:4 | Paralysed by a floating eye for 2 turns
 92828 | Depths:5 | Reached skill level 22 in Air Magic
 92996 | Depths:5 | Identified the +10 rapier of Theory {freeze, rElec rN++
                  | Str+4 Int-3}
 93492 | Depths:5 | Found a gate to the Realm of Zot.
 93571 | Depths:5 | Identified the +2 buckler of the Cuttlefish {rC+}
 94079 | Depths:5 | Identified the +2 hat of the Other Side {*Contam +Inv
                  | Dex+5} (You acquired it on level 5 of the Depths)
 94345 | Vaults:5 | Entered Level 5 of the Vaults
 94462 | Vaults:5 | Noticed an ancient lich
 94476 | Vaults:5 | Noticed an ancient lich
 94478 | Vaults:5 | Killed an ancient lich
 94478 | Vaults:5 | Reached XP level 26. HP: 177/177 MP: 11/42
 94498 | Vaults:5 | Killed an ancient lich
 94498 | Vaults:5 | Reached skill level 23 in Air Magic
 94515 | Vaults:5 | Reached skill level 5 in Stealth
 94844 | Vaults:5 | Identified the +5 battleaxe "Usurecudo" {chaos, *Corrode
                  | rPois Dex+8 SInv}
 95260 | Vaults:5 | Identified the +3 leather armour "Qebosar" {rC++ rCorr
                  | Str+2}
 95913 | Vaults:5 | Reached skill level 24 in Air Magic
 96077 | Vaults:5 | Reached skill level 15 in Spellcasting
 96488 | Vaults:5 | Learned a level 7 spell: Spellforged Servitor
 97171 | Vaults:5 | Identified the Catalogue of Confrontation
 97176 | Vaults:5 | Identified the +1 long sword of Hubris {slice, rC+ Dex+4}
                  | (You found it on level 5 of the Vaults)
 97216 | Vaults:5 | Learned a level 2 spell: Swiftness
 97261 | Vaults:5 | Identified the +4 dagger "Undertaker" {drain, MR++ Str+7
                  | Dex+4} (You found it on level 5 of the Vaults)
 97369 | Vaults:5 | Identified the Disquisition on Fire and Earth
 97537 | Vaults:5 | Identified the Almanac of Shifting Hexes
 97639 | Vaults:5 | Got a silver rune of Zot
 97641 | Vaults:5 | Identified the +2 pair of gloves of Hepliaklqana's Envy
                  | {rPois rC+ Slay+2 Stlth+} (You found it on level 5 of the
                  | Vaults)
 97687 | Vaults:5 | Reached XP level 27. HP: 184/184 MP: 30/43
 98118 | Zot:1    | Entered Level 1 of the Realm of Zot
 98385 | Zot:1    | Noticed an orb of fire
 98657 | Zot:1    | Reached skill level 25 in Air Magic
 98949 | Zot:1    | Killed an orb of fire
 99529 | Zot:2    | Learned a level 6 spell: Conjure Ball Lightning
100048 | Zot:2    | Reached skill level 5 in Summonings
101575 | Zot:3    | Reached skill level 10 in Stealth
101683 | Zot:3    | Upgraded the game from 0.25-a0-252-gc8cd6a5 to
                  | 0.25-a0-253-g6f1b5d9
103330 | Zot:4    | Reached skill level 26 in Air Magic
103738 | Zot:4    | Noticed an orb of fire
103751 | Zot:4    | Gained mutation: Your flesh is cold resistant. (rC+) [an
                  | orb of fire]
103760 | Zot:4    | Killed an orb of fire
104773 | Zot:4    | Reached skill level 27 in Air Magic
104972 | Zot:5    | Entered Level 5 of the Realm of Zot
105080 | Zot:5    | Reached skill level 10 in Summonings
105324 | Zot:5    | Noticed an ancient lich
105416 | Zot:5    | Killed an ancient lich
105877 | Zot:5    | Noticed an orb of fire
106055 | Zot:5    | Gained mutation: Your body sometimes deteriorates upon
                  | taking damage. [an orb of fire]
106060 | Zot:5    | Noticed an orb of fire
106062 | Zot:5    | Gained mutation: Scrolls take you a little longer to read.
                  | [an orb of fire]
106064 | Zot:5    | Killed an orb of fire
106064 | Zot:5    | Gained mutation: You are frail. (-10% HP) [an orb of fire]
106067 | Zot:4    | Lost mutation: Your body sometimes deteriorates upon taking
                  | damage. [potion of mutation]
106067 | Zot:4    | Lost mutation: Scrolls take you a little longer to read.
                  | [potion of mutation]
106067 | Zot:4    | Gained mutation: You are very frail. (-20% HP) [potion of
                  | mutation]
106067 | Zot:4    | Gained mutation: You are somewhat resistant to further
                  | mutation. [potion of mutation]
106068 | Zot:4    | Lost mutation: Your flesh is cold resistant. (rC+) [potion
                  | of mutation]
106068 | Zot:4    | Lost mutation: You are very frail. (-20% HP) [potion of
                  | mutation]
106068 | Zot:4    | Lost mutation: You are somewhat resistant to further
                  | mutation. [potion of mutation]
106068 | Zot:4    | Gained mutation: You are agile. (Dex +2) [potion of
                  | mutation]
106068 | Zot:4    | Gained mutation: You do not regenerate when monsters are
                  | visible. [potion of mutation]
106068 | Zot:4    | Gained mutation: You are very frail. (-20% HP) [potion of
                  | mutation]
106068 | Zot:4    | Gained mutation: You possess an exceptional clarity of
                  | mind. [potion of mutation]
106069 | Zot:4    | Lost mutation: You possess an exceptional clarity of mind.
                  | [potion of mutation]
106069 | Zot:4    | Lost mutation: You are very frail. (-20% HP) [potion of
                  | mutation]
106069 | Zot:4    | Lost mutation: You are agile. (Dex +2) [potion of mutation]
106069 | Zot:4    | Lost mutation: You are frail. (-10% HP) [potion of
                  | mutation]
106069 | Zot:4    | Gained mutation: You are agile. (Dex +2) [potion of
                  | mutation]
106069 | Zot:4    | Gained mutation: You have a somewhat thin skeletal
                  | structure. (Dex +2, Stealth) [potion of mutation]
106069 | Zot:4    | Gained mutation: Your muscles are strong. (Str +2) [potion
                  | of mutation]
106070 | Zot:4    | Lost mutation: Your muscles are strong. (Str +2) [potion of
                  | mutation]
106070 | Zot:4    | Gained mutation: Your spells are a little harder to cast,
                  | but a little more powerful. [potion of mutation]
106070 | Zot:4    | Gained mutation: You are very agile. (Dex +4) [potion of
                  | mutation]
106071 | Zot:4    | Lost mutation: Your spells are a little harder to cast, but
                  | a little more powerful. [potion of mutation]
106071 | Zot:4    | Lost mutation: You are very agile. (Dex +4) [potion of
                  | mutation]
106071 | Zot:4    | Lost mutation: You do not regenerate when monsters are
                  | visible. [potion of mutation]
106071 | Zot:4    | Lost mutation: You are agile. (Dex +2) [potion of mutation]
106071 | Zot:4    | Gained mutation: Your body sometimes deteriorates upon
                  | taking damage. [potion of mutation]
106071 | Zot:4    | Gained mutation: You are partially covered in slimy green
                  | scales. (AC +2) [potion of mutation]
106071 | Zot:4    | Gained mutation: You are clumsy. (Dex -2) [potion of
                  | mutation]
106071 | Zot:4    | Gained mutation: You can translocate small distances at
                  | will. [potion of mutation]
106072 | Zot:4    | Lost mutation: Your body sometimes deteriorates upon taking
                  | damage. [potion of mutation]
106072 | Zot:4    | Lost mutation: You are clumsy. (Dex -2) [potion of
                  | mutation]
106072 | Zot:4    | Lost mutation: You have a somewhat thin skeletal structure.
                  | (Dex +2, Stealth) [potion of mutation]
106072 | Zot:4    | Gained mutation: You have a pair of small horns on your
                  | head. [potion of mutation]
106191 | Zot:5    | Gained mutation: You are clumsy. (Dex -2) [an orb of fire]
106194 | Zot:5    | Noticed an orb of fire
106197 | Zot:5    | Noticed an ancient lich
106199 | Zot:4    | Gained mutation: Potions are less effective at restoring
                  | your health. [an orb of fire]
106202 | Zot:4    | Killed an orb of fire
106280 | Zot:5    | Gained mutation: You tend to lose your temper in combat.
                  | [an orb of fire]
106284 | Zot:5    | Killed an orb of fire
106288 | Zot:4    | Lost mutation: You have a pair of small horns on your head.
                  | [potion of mutation]
106288 | Zot:4    | Lost mutation: Potions are less effective at restoring your
                  | health. [potion of mutation]
106288 | Zot:4    | Gained mutation: You expend magic power (3 MP) to
                  | strengthen your wands. [potion of mutation]
106288 | Zot:4    | Gained mutation: You are partially covered in iridescent
                  | scales. (AC +2) [potion of mutation]
106288 | Zot:4    | Gained mutation: Your flesh is cold resistant. (rC+)
                  | [potion of mutation]
106314 | Zot:4    | Lost mutation: You are partially covered in iridescent
                  | scales. (AC +2) [potion of mutation]
106314 | Zot:4    | Lost mutation: You can translocate small distances at will.
                  | [potion of mutation]
106314 | Zot:4    | Lost mutation: Your flesh is cold resistant. (rC+) [potion
                  | of mutation]
106314 | Zot:4    | Gained mutation: You are resistant to hostile enchantments.
                  | (MR+) [potion of mutation]
106314 | Zot:4    | Gained mutation: You evolve. [potion of mutation]
106314 | Zot:4    | Gained mutation: You are mostly covered in slimy green
                  | scales. (AC +3) [potion of mutation]
106315 | Zot:4    | Lost mutation: You are resistant to hostile enchantments.
                  | (MR+) [potion of mutation]
106315 | Zot:4    | Lost mutation: You expend magic power (3 MP) to strengthen
                  | your wands. [potion of mutation]
106315 | Zot:4    | Lost mutation: You tend to lose your temper in combat.
                  | [potion of mutation]
106315 | Zot:4    | Gained mutation: You have supernaturally acute eyesight.
                  | (SInv) [potion of mutation]
106315 | Zot:4    | Gained mutation: You are partially covered in large bone
                  | plates. (SH +4) [potion of mutation]
106431 | Zot:5    | Killed an ancient lich
107784 | Zot:5    | Gained mutation: You are robust. (+10% HP) [evolution]
107784 | Zot:5    | Lost mutation: You evolve. [end of evolution]
107903 | Zot:5    | Noticed an ancient lich
108002 | Zot:5    | Killed an ancient lich
108373 | Zot:5    | Got the Orb of Zot
108505 | Depths:5 | Found the +15 Maxwell's patent armour {-Cast -Tele rElec
                  | MR+ rCorr}
108858 | D:5      | Noticed Neiguedgh the pandemonium lord
109040 | D:$      | Escaped with the Orb!

Levels and vault maps discovered:
D:1:      nzn_arrival_depleted_hourglass, layout_rooms, minmay_crystal_water
D:2:      minmay_skewed_foursquare, layout_basic, first_ration, uniq_natasha
D:3:      layout_basic, serial_park_tiny_pond, uniq_sigmund
D:4:      kennysheep_the_goblin_king, layout_cave_pools, serial_shops,
          nicolae_shop_statue_plus, biasface_ghost_orc_armoury,
          hangedman_decor_growths, minmay_misc_feat_diagonals
D:5:      layout_basic, minmay_temple_entry_grid, cheibrodos_sewer_entry_bend,
          hangedman_decor_lopped, roderic_lattice_a, uniq_pikel
D:6:      layout_basic
D:7:      layout_basic, vehumet_crystals, grunt_ogre_cave,
          uniq_crazy_yiuf_cottage, uniq_duvessa
D:8:      layout_cave_pods
D:9:      layout_basic, orc_0_dummy, evilmike_ruin_ashenzari
D:10:     layout_roguey, serial_shops, shop, shop, shop
D:11:     layout_roguey, dpeg_lair_monsters, serial_shops, bzr_entry_safe,
          special_room [special_room_bee], kennysheep_generic_room_4,
          uniq_fannar
D:12:     minmay_twisted_water, layout_basic
D:13:     kennysheep_blocky_room, layout_small_grid, david_vaults_2,
          serial_glass, glass_columns_c, glass_columns_a,
          minmay_strange_pillars, enter_trove_3, hangedman_feature_mirror
D:14:     layout_roguey, gammafunk_ghost_spectres
D:15:     grunt_enter_depths_hoard, layout_irregular_city, uniq_kirke
Temple:   roderic_octagonal_lattice_temple
Lair:1:   layout_loops_ring, special_room, enter_volcano_4, beast_lair_carwin_4,
          uniq_nergalle, uniq_gastronok
Lair:2:   layout_small_grid, spider_nest_entry_a
Lair:3:   minmay_guarded_unrand_snakebite, layout_misc_corridors,
          skrybe_swamp_entry_bodies, uniq_sonja
Lair:4:   layout_cave_pods, infiniplex_staircase_pool_2, grunt_megastairs_1
Lair:5:   dragon1_lemuel, layout_small_grid, minmay_slime_entry_pillars,
          st_stairs_9, bobbens_ice_dragon_lair
Lair:6:   evilmike_catoblepas_cave, layout_small_grid, basic_altar
Swamp:1:  layout_basic_swamp, evilmike_swamp_ruin_rubble_1, swamp_pool1,
          cheibrodos_swamp_kobolds, uniq_donald
Swamp:2:  layout_basic_swamp, evilmike_swamp_ruin_wall, swamp_pool1
Swamp:3:  layout_basic_swamp, nicolae_swamp_treefoil, uniq_aizul
Swamp:4:  swamp_alternative, layout_basic_swamp
Spider:1: layout_spider_delve, uniq_agnes, uniq_rupert
Spider:2: layout_spider_delve, portal_ice_cave_entry_pillars_2,
          nicolae_spider_cling_halls
Spider:3: layout_spider_delve, hangedman_spider_mandibles
Spider:4: floodkiller_spider_rune_tomb, einodemon_crawler_minivault
Orc:1:    nicolae_orc_accident_3, layout_caves, serial_shops, shop, shop, shop,
          shop, uniq_erica, uniq_snorg
Orc:2:    grunt_orc_tribal_feast, layout_diamond_mine, serial_shops, shop,
          uniq_maurice
Elf:1:    elf_arrival_001, layout_gridlike, gammafunk_ghost_berserking_beasts,
          serial_shops, shop, nicolae_shop_stone, hangedman_elf_disciples
Elf:2:    layout_loops_cross, evilmike_minifort, uniq_asterion
Elf:3:    minmay_elf_hall_statues, layout_geoelf_octagon
Vaults:1: vaults_room_door_hall, vaults_room_semicircle, st_greater_box_4,
          v_misc_10, nicolae_vaults_little_squares_3, ontoclasm_vaults_chip,
          layout_vaults_omnigrid, mu_enter_wizlab_7
Vaults:2: v_misc_28, hangedman_vaults_capsules, st_lines,
          ontoclasm_vaults_gateway, ontoclasm_vaults_claustrophobia, v_misc_3,
          vaults_room_pool, vaults_room_pools, nicolae_vaults_specimen_jars,
          ontoclasm_vaults_eye, nicolae_vaults_little_squares_1, v_misc_30,
          layout_vaults_big_room
Vaults:3: ebering_vaults_ghost_xom, st_greater_box_3, v_misc_24,
          hangedman_vaults_impose, v_misc_24, nicolae_vaults_disjoint_gnomons,
          hangedman_vaults_locks, hangedman_vaults_nails,
          hangedman_vaults_stagger, vaults_room_fancy_cross, v_rooms_1,
          minmay_crypt_entry_nasty_monster, vaults_mumra_hex, vaults_dpeg_ring,
          ontoclasm_vaults_loading_screen, layout_vaults_big_cross,
          serial_shops, shop
Vaults:4: nicolae_vaults_little_squares_2, v_misc_3, vaults_room_pools,
          v_misc_11, hangedman_vaults_stream, v_rooms_5, st_cells, v_misc_29,
          hangedman_vaults_snaps, layout_vaults_omnibox, serial_shops, shop
Vaults:5: serial_shops
Depths:1: hangedman_six_sided_sadism, layout_cave_pools,
          hangedman_decor_slide_cut, serial_shops, nicolae_shop_waterfront,
          hell_entry, abyss_entry, minmay_misc_feat_rows,
          kennysheep_decorative_pillar, hex_tiny, drop_trap,
          kilobyte_rumbling_trees
Depths:2: gammafunk_dig_for_victory, layout_small_grid, hell_entry,
          abyss_entry_small_statue_room, chequers_serial_rivers_small_b
Depths:3: kennysheep_room_grid, layout_gridlike, abyss_entry_flame_altar,
          rand_demon_pan_entry_9, hell_entry, kennysheep_nub,
          minmay_misc_feat_tower
Depths:4: grunt_crosshair, layout_cave_pools, enter_ziggurat_d,
          grunt_hell_entry_dis_mu, marbit_kobold_abyss_entry
Depths:5: lemuel_castle_with_subvaults [lemuel_castle_interior_carwin_2],
          layout_gridville, pan_entry, nicolae_sextant, hell_entry,
          abyss_entry_crystal, kennysheep_flooded_box, serial_bayou_crossing
Zot:1:    layout_onion_interference
Zot:2:    layout_basic
Zot:3:    layout_concentric_octagons, hangedman_elemental_corridor,
          grunt_megastairs_2, lemuel_elevator
Zot:4:    layout_gridlike, grunt_ministairs_3
Zot:5:    layout_misc_corridors

Skill      XL: |  1  2  3  4  5  6  7  8  9 10 11 12 13 14 15 16 17 18 19 20 21 22 23 24 25 26 27 |
---------------+----------------------------------------------------------------------------------+-----
Conjurations   | 2 3 5 6 10 12 13 15 17 19 20 22 | 22.6
Fighting       | 1 2 3 4 5 6 8 10 11 12 14 15 16 17 18 19 20 21 22 23 | 23.7
Air Magic      | 1 3 4 7 8 10 11 14 15 17 19 20 22 24 27 | 27.0
Short Blades   | 1 2 3 4 5 6 |  6.0
Translocations | 3 4 5 |  5.0
Spellcasting   | 4 5 6 8 10 11 12 13 14 15 16 | 16.2
Armour         | 4 5 7 9 10 | 10.0
Dodging        | 4 5 7 9 10 | 10.0
Long Blades    | 4 7 9 10 13 14 15 | 15.6
Shields        | 4 9 13 15 | 15.0
Necromancy     | 6 8 |  8.0
Charms         | 1 5 |  5.0
Stealth        | 4 8 10 | 10.0
Summonings     | 10 | 10.0

Action                   |  1- 3 |  4- 6 |  7- 9 | 10-12 | 13-15 | 16-18 | 19-21 | 22-24 | 25-27 || total
-------------------------+-------+-------+-------+-------+-------+-------+-------+-------+-------++-------
Melee: Dagger            |    12 |    81 |   213 |    77 |       |       |       |       |       ||   383
       Kick              |     3 |    22 |    64 |   230 |   446 |   710 |   852 |   796 |   558 ||  3681
       Peck              |     2 |     6 |    47 |   131 |   297 |   469 |   539 |   528 |   428 ||  2447
       Short sword       |       |       |     9 |   316 |       |       |       |       |       ||   325
       Scimitar          |       |       |       |   297 |  1389 |  2035 |  1612 |       |       ||  5333
       Great sword       |       |       |       |     9 |    36 |       |       |       |       ||    45
       Unarmed           |       |       |       |       |     4 |       |       |       |       ||     4
       Whip              |       |       |       |       |       |     2 |       |       |       ||     2
       Double sword      |       |       |       |       |       |       |   566 |  1808 |  1449 ||  3823
       Demon blade       |       |       |       |       |       |       |       |   388 |       ||   388
       Rapier            |       |       |       |       |       |       |       |       |     6 ||     6
       Staff             |       |       |       |       |       |       |       |       |    33 ||    33
       Headbutt          |       |       |       |       |       |       |       |       |     4 ||     4
 Cast: Magic Dart        |    80 |    75 |   216 |   218 |   184 |   154 |       |       |       ||   927
       Mephitic Cloud    |     1 |     8 |    30 |   102 |   157 |   175 |   181 |    45 |       ||   699
       Blink             |       |     4 |     1 |     6 |     4 |     5 |     1 |       |       ||    21
       Conjure Flame     |       |       |       |     3 |       |       |       |       |       ||     3
       Call Imp          |       |       |       |       |    11 |       |       |       |       ||    11
       Orb of Destructio |       |       |       |       |     3 |       |       |    25 |   178 ||   206
       Silence           |       |       |       |       |       |       |     2 |    48 |    10 ||    60
       Regeneration      |       |       |       |       |       |       |    49 |   124 |   119 ||   292
       Deflect Missiles  |       |       |       |       |       |       |     1 |     6 |    17 ||    24
       Freezing Cloud    |       |       |       |       |       |       |       |     9 |    39 ||    48
       Shroud of Golubri |       |       |       |       |       |       |       |     8 |    76 ||    84
       Passage of Golubr |       |       |       |       |       |       |       |     1 |     2 ||     3
       Apportation       |       |       |       |       |       |       |       |     1 |     7 ||     8
       Tornado           |       |       |       |       |       |       |       |       |     9 ||     9
       Spellforged Servi |       |       |       |       |       |       |       |       |    70 ||    70
       Swiftness         |       |       |       |       |       |       |       |       |     5 ||     5
Invok: Lunge             |       |       |    13 |    54 |   109 |   135 |   117 |   104 |    79 ||   611
       Whirlwind         |       |       |     1 |    43 |    64 |   354 |   152 |    84 |    79 ||   777
       Heavenly Storm    |       |       |       |       |       |       |       |     1 |       ||     1
 Abil: Fly               |       |     1 |       |       |     1 |     1 |     2 |       |       ||     5
       Evoke Berserk Rag |       |       |       |       |     3 |    19 |     6 |       |       ||    28
       Stop Flying       |       |       |       |       |     1 |     1 |     2 |       |       ||     4
       Wall Jump         |       |       |       |       |       |     8 |     1 |       |       ||     9
Evoke: Wand              |       |       |       |     5 |    33 |    22 |       |     1 |    19 ||    80
  Use: Scroll            |     4 |     2 |     5 |     8 |    23 |    20 |    15 |    16 |    25 ||   118
       Potion            |       |     6 |     2 |     2 |     4 |     2 |    16 |     1 |    15 ||    48
 Stab: Confused          |     2 |     5 |    16 |    75 |   101 |   137 |   147 |    17 |       ||   500
       Sleeping          |       |       |     1 |     2 |     5 |     1 |       |       |     4 ||    13
       Distracted        |       |       |       |     1 |       |       |     2 |     1 |     6 ||    10
       Petrified         |       |       |       |       |     4 |       |       |       |       ||     4
       Paralysed         |       |       |       |       |    15 |     8 |       |       |       ||    23
       Invisible         |       |       |       |       |       |     2 |       |       |     7 ||     9
  Eat: Chunk             |     3 |     8 |    12 |    19 |    39 |    23 |    45 |    53 |    59 ||   261
       Ration            |       |       |     2 |     5 |    11 |    18 |     4 |     5 |    14 ||    59
Armor: Robe              |     2 |     9 |       |     1 |     1 |       |       |       |       ||    13
       Ring mail         |     9 |     2 |       |    12 |   128 |       |       |       |       ||   151
       Leather armour    |       |     3 |    23 |     5 |       |       |       |       |       ||    31
       Steam dragon scal |       |       |       |    45 |    69 |    22 |       |       |       ||   136
       Fire dragon scale |       |       |       |    38 |   120 |   815 |   491 |   367 |   371 ||  2202
Dodge: Dodged            |    16 |    66 |   124 |   349 |   665 |  1099 |   697 |   572 |   534 ||  4122
       Deflected         |       |       |       |       |       |       |     5 |    34 |   137 ||   176
Block: Buckler           |       |       |       |    70 |   187 |   172 |       |       |       ||   429
       Shield            |       |       |       |       |       |   698 |   889 |  1164 |   955 ||  3706
       Reflection        |       |       |       |       |       |       |       |    96 |    82 ||   178
       Rpst.: Scimitar   |       |       |       |    41 |   157 |   205 |   109 |       |       ||   512
       Great sword       |       |       |       |     1 |    10 |       |       |       |       ||    11
       Double sword      |       |       |       |       |       |       |    27 |    87 |    74 ||   188
       Demon blade       |       |       |       |       |       |       |       |    15 |       ||    15

Table legend:
 A = Non-vault XP
 B = Vault XP
 C = Vault XP percentage of total XP
 D = Non-vault monster count
 E = Vault monster count
 F = Vault count percentage of total count
                 A         B        C        D         E       F
            +---------+---------+-------+---------+---------+-------
      Total |  796468 |  829102 |  51.0 |    1608 |     953 |  37.2
            +---------+---------+-------+---------+---------+-------
        D:1 |      28 |       0 |   0.0 |      15 |       0 |   0.0
        D:2 |      57 |      43 |  43.0 |      15 |       5 |  25.0
        D:3 |     237 |     227 |  48.9 |      36 |       1 |   2.7
        D:4 |     184 |      45 |  19.7 |      17 |       6 |  26.1
        D:5 |     311 |     695 |  69.1 |      18 |       3 |  14.3
        D:6 |    1045 |       0 |   0.0 |      21 |       0 |   0.0
        D:7 |    1540 |     381 |  19.8 |      18 |       4 |  18.2
        D:8 |     601 |       0 |   0.0 |      10 |       0 |   0.0
        D:9 |    2067 |    1090 |  34.5 |      18 |       1 |   5.3
       D:10 |    2546 |    2648 |  51.0 |      23 |       3 |  11.5
       D:11 |    7853 |    3338 |  29.8 |      52 |      28 |  35.0
       D:12 |    8398 |    5877 |  41.2 |      54 |      18 |  25.0
       D:13 |    8653 |    4489 |  34.2 |      47 |      10 |  17.5
       D:14 |   13416 |     389 |   2.8 |      39 |       2 |   4.9
       D:15 |   16702 |    2915 |  14.9 |      39 |       6 |  13.3
     Lair:1 |    3315 |    4190 |  55.8 |      14 |       8 |  36.4
     Lair:2 |    6519 |    2190 |  25.1 |      28 |       2 |   6.7
     Lair:3 |    6858 |    2658 |  27.9 |      27 |      12 |  30.8
     Lair:4 |    2147 |     140 |   6.1 |      11 |       1 |   8.3
     Lair:5 |    2775 |    3088 |  52.7 |      11 |      10 |  47.6
     Lair:6 |    9345 |   10331 |  52.5 |      27 |      22 |  44.9
    Swamp:1 |   21960 |    2742 |  11.1 |      50 |       3 |   5.7
    Swamp:2 |   10533 |       0 |   0.0 |      28 |       0 |   0.0
    Swamp:3 |   22439 |   13870 |  38.2 |      47 |      19 |  28.8
    Swamp:4 |    8921 |    5959 |  40.0 |      23 |      11 |  32.4
   Spider:1 |   11590 |    1486 |  11.4 |      32 |       1 |   3.0
   Spider:2 |   18933 |       0 |   0.0 |      50 |       0 |   0.0
   Spider:3 |   17904 |    6260 |  25.9 |      48 |       7 |  12.7
   Spider:4 |   10409 |   29775 |  74.1 |      26 |      68 |  72.3
      Orc:1 |    1352 |    1638 |  54.8 |      23 |       7 |  23.3
      Orc:2 |     720 |    8026 |  91.8 |      23 |      29 |  55.8
      Elf:1 |   26474 |    7307 |  21.6 |      45 |      12 |  21.1
      Elf:2 |   18231 |   35695 |  66.2 |      32 |      45 |  58.4
      Elf:3 |    8365 |   37653 |  81.8 |      17 |      27 |  61.4
   Vaults:1 |   45018 |   42991 |  48.8 |     101 |      42 |  29.4
   Vaults:2 |   23459 |   23609 |  50.2 |      35 |      28 |  44.4
   Vaults:3 |   27570 |   59536 |  68.3 |      53 |      66 |  55.5
   Vaults:4 |   13905 |   40052 |  74.2 |      25 |      58 |  69.9
   Vaults:5 |   43916 |  122656 |  73.6 |      72 |      86 |  54.4
   Depths:1 |   27606 |   43929 |  61.4 |      37 |      50 |  57.5
   Depths:2 |   26139 |    1431 |   5.2 |      35 |       1 |   2.8
   Depths:3 |   40312 |   16215 |  28.7 |      50 |      17 |  25.4
   Depths:4 |   22993 |   47868 |  67.6 |      24 |      46 |  65.7
   Depths:5 |   53581 |   47827 |  47.2 |      54 |      40 |  42.6
      Zot:1 |   39748 |       0 |   0.0 |      21 |       0 |   0.0
      Zot:2 |   23117 |       0 |   0.0 |      20 |       0 |   0.0
      Zot:3 |   33233 |   14418 |  30.3 |      27 |      11 |  28.9
      Zot:4 |   75809 |   27967 |  26.9 |      49 |       9 |  15.5
      Zot:5 |   27634 |  113121 |  80.4 |      21 |      36 |  63.2
      IceCv |       0 |   10009 | 100.0 |       0 |      53 | 100.0
    Volcano |       0 |    2139 | 100.0 |       0 |       8 | 100.0
     WizLab |       0 |   20189 | 100.0 |       0 |      31 | 100.0
            +---------+---------+-------+---------+---------+-------
